 Dungeon Crawl Stone Soup version bcrawl-1.39 (webtiles) character file.

Game seed: 12732947568974672282

16595967 Artagas the Transcendent (level 26, 208/208 HPs)
             Began as a Demigod Warper on June 26, 2023.
             Escaped with the Orb
             ... and 3 runes on July 6, 2023!
             The game lasted 03:27:58 (58762 turns).

Artagas the Transcendent (Demigod Warper)          Turns: 58762, Time: 03:27:59

Health: 208/208    AC: 39    Str: 29    XL:     26   Next: 44%
Magic:  43/43      EV: 14    Int: 12    God:    Demigod [*****.]
Gold:   3616       SH: 22    Dex: 18    Spells: 26/39 levels left

rFire    + + .     GDR:     42% k - +9 broad axe (elec)
rCold    . . .     SeeInvis .   V - +0 large shield {rF+}
rNeg     . . .     Gourm    .   i - +10 plate armour {rF+}
rPois    +         Faith    .   (helmet restricted)
rElec    +         Spirit   .   Z - +2 cloak {+Inv}
rCorr    .         Reflect  .   O - +2 pair of gloves
MR       +++..                  n - +2 pair of boots {run}
Stlth    ..........             D - amulet of regeneration
HPRegen  1.73/turn              m - ring of protection from magic
MPRegen  0.28/turn              r - ring of Piryrphoz {rElec rPois AC+3 Int-5 Dex+4}

@: quick
A: horns 1, repulsion field 1, iridescent scales 1, clumsy 1, deformed body,
frail 1, high mp 1, weak 1
0: Orb of Zot
}: 3/15 runes: decaying, barnacled, slimy
a: Temporal Distortion, Growth, Major Destruction, Heroism, Divine Shield, Evoke
Invisibility


You escaped.
You worshipped Demigod.
Demigod was extremely pleased with you.
You were very hungry.

You visited 10 branches of the dungeon, and saw 45 of its levels.
You visited the Abyss 2 times.
You also visited: Sewer, Ossuary and Ice Cave.

You collected 7257 gold pieces.
You spent 3641 gold pieces at shops.

Inventory:

Hand Weapons
 k - a +9 broad axe of electrocution (weapon)
   (You took it off a deep elf high priest on level 3 of the Elven Halls)
Missiles
 g - 400 javelins (quivered)
 B - 1031 poisoned tomahawks
 E - 14 throwing nets {=f}
 L - 39 steel javelins
Armour
 i - a +10 plate armour of fire resistance (worn)
   (You took it off Donald on level 1 of the Swamp)
 n - a +2 pair of boots of running (worn)
   (You found it on level 3 of the Elven Halls)
 F - a +2 helmet
   (You took it off Robin on level 2 of the Dungeon)
 O - a +2 pair of gloves (worn)
   (You found it on level 3 of the Elven Halls)
 V - a +0 large shield of fire resistance (worn)
   (You took it off Mennas on level 4 of the Depths)
 Z - a +2 cloak of invisibility (worn)
   (You found it on level 5 of the Pits of Slime)
Jewellery
 f - the ring "Ylidgh" {rN++ rCorr MP+9 Int-2}
   (You took it off a deep elf demonologist on level 3 of the Elven Halls)

   [ring of resist corrosion]

   It affects your intelligence (-2).
   It greatly protects you from negative energy.
   It affects your magic capacity (+9).
   It provides partial protection from all sources of acid and corrosion.
 j - the ring "Ohut" {rC++ Stlth--}
   (You found it on level 2 of the Vaults)

   [ring of attention]

   It greatly protects you from cold.
   It makes you much less stealthy.
 l - the ring of Qasis {Fire Dex+10}
   (You acquired it on level 2 of the Realm of Zot)

   [ring of fire]

   It enhances your fire magic.
   It affects your dexterity (+10).
   It protects you from fire.
   It makes you vulnerable to cold.
 m - a ring of protection from magic (left hand)
   (You bought it in a shop on level 3 of the Depths)
 p - the ring "Esmefys" {rPois rF- Dex+6 Slay+5}
   (You found it on level 3 of the Lair of Beasts)

   [ring of poison resistance]

   It affects your dexterity (+6).
   It affects your accuracy and damage with ranged weapons and melee attacks
   (+5).
   It makes you vulnerable to fire.
   It protects you from poison.
 r - the ring of Piryrphoz (right hand) {rElec rPois AC+3 Int-5 Dex+4}
   (You found it on level 3 of the Shoals)

   [ring of protection]

   It affects your AC (+3).
   It affects your intelligence (-5).
   It affects your dexterity (+4).
   It insulates you from electricity.
   It protects you from poison.
 u - the ring "Qephunte" {MR+ Str-5 Int+6 Dex+5}
   (You took it off an ironheart convoker on level 2 of the Vaults)

   [ring of dexterity]

   It affects your strength (-5).
   It affects your intelligence (+6).
   It affects your dexterity (+5).
   It affects your resistance to hostile enchantments.
 D - an amulet of regeneration (around neck)
   (You found it on level 3 of the Dungeon)
Wands
 v - a wand of digging (45)
   (You found it on level 1 of the Vaults)
 H - a wand of paralysis (38)
   (You found it on level 5 of the Lair of Beasts)
 J - a wand of scattershot (1)
   (You found it on level 2 of the Dungeon)
 K - a wand of charming (20)
   (You found it on level 6 of the Lair of Beasts)
 Q - a wand of iceblast (24)
   (You bought it in a shop on level 4 of the Dungeon)
 R - a wand of acid (13)
   (You bought it in a shop on level 4 of the Dungeon)
Scrolls
 c - 3 scrolls of noise
 t - 14 scrolls of teleportation
 z - 5 scrolls of blinking
 C - 4 scrolls of magic mapping
 G - 3 scrolls of fog
 M - 16 scrolls of immolation
 N - a scroll of summoning
 T - a scroll of silence
 U - 9 scrolls of fear
Potions
 a - 4 potions of cancellation
 b - 8 potions of mutation
 d - 2 potions of might
 h - a potion of haste
 q - 13 potions of curing
 s - 4 potions of agility
 x - a potion of berserk rage
 A - 11 potions of magic
 I - 4 potions of resistance
 P - a potion of invisibility
 S - 2 potions of ambrosia
 W - 7 potions of flight
 X - 2 potions of lignification
Miscellaneous
 o - a box of beasts
 Y - a lamp of fire
   (You found it on level 6 of the Lair of Beasts)
Comestibles
 e - 35 rations {!d}


   Skills:
 - Level 18.0 Fighting
 - Level 14.8(15.0) Axes
   Level 3.0(10.4) Maces & Flails
 - Level 13.0 Throwing
 - Level 18.0 Armour
 - Level 13.0 Dodging
 - Level 16.0 Shields
 - Level 7.0 Spellcasting
 - Level 11.0 Charms
 - Level 2.6 Translocations
 + Level 22.0 Invocations
 - Level 15.0 Evocations


You had 26 spell levels left.
You knew the following spells:

 Your Spells              Type           Power        Failure   Level  Hunger
a - Infusion              Chrm           ####....     26%         1    None
b - Song of Slaying       Chrm           ####....     38%         2    None
c - Blink                 Tloc           N/A          100%        2    None
d - Blink Other           Tloc           ##....       100%        1    None
e - Regeneration          Chrm/Necr      ###.......   100%        3    None
f - Spectral Weapon       Hex/Chrm       ###.....     100%        3    None
g - Apportation           Tloc           ##....       100%        1    None

Your spell library contained the following spells:

 Spells                   Type           Power        Failure   Level  Hunger
 Swiftness                Chrm/Air       ###.....     98%         2    None
 Corona                   Hex            #......      100%        1    None
 Magic Dart               Conj           #...         100%        1    None
 Sandblast                Erth           #.....       100%        1    None
 Slow                     Hex            #.......     100%        1    None
 Static Discharge         Air            #.....       100%        1    None
 Sting                    Conj/Pois      #...         100%        1    None
 Summon Butterflies       Summ           #.......     100%        1    None
 Summon Small Mammal      Summ           #...         100%        1    None
 Call Imp                 Summ           #.....       100%        2    None
 Corpse Rot               Necr           N/A          100%        2    None
 Ensorcelled Hibernation  Hex/Ice        #.....       100%        2    None
 Poisonous Vapours        Pois/Air       #.....       100%        2    None
 Searing Ray              Conj           #.......     100%        2    None
 Beckoning                Tloc           ##........   100%        3    None
 Call Canine Familiar     Summ           #.......     100%        3    None
 Confuse                  Hex            #.......     100%        3    None
 Dazzling Orbs            Conj/Hex       #......      100%        3    None
 False Image              Hex/Summ       #.......     100%        3    None
 Ignite Poison            Fire/Tmut/Pois #.......     100%        3    None
 Iskenderun's Mystic Bla  Conj           #.......     100%        3    None
 Ozocubu's Armour         Chrm/Ice       ###.....     100%        3    None
 Portal Projectile        Tloc           ##....       100%        3    None
 Recall                   Summ/Tloc      N/A          100%        3    None
 Stone Arrow              Conj/Erth      #.....       100%        3    None
 Teleport Other           Tloc           ##......     100%        3    None
 Tukima's Dance           Hex            #.......     100%        3    None
 Cause Fear               Hex            #.........   100%        4    ####...
 Force Lance              Tloc           ##......     100%        4    ####...
 Fulminant Prism          Conj/Hex       #.........   100%        4    ####...
 Lightning Bolt           Conj/Air       #.......     100%        4    ####...
 Olgreb's Toxic Radiance  Pois           #........    100%        4    ####...
 Sticky Flame             Conj/Fire      #.......     100%        4    ####...
 Summon Ice Beast         Ice/Summ       #.......     100%        4    ####...
 Summon Scorpions         Summ/Pois      #.......     100%        4    ####...
 Tree Form                Hex/Tmut       N/A          100%        4    ####...
 Yara's Violent Unravell  Hex/Tmut       #.........   100%        4    ####...
 Bolt of Draining         Conj/Necr      #.........   100%        5    #####..
 Irradiate                Conj/Tmut      #.........   100%        5    #####..
 Iskenderun's Battlesphe  Conj/Chrm      ###.....     100%        5    #####..
 Piercing Shot            Chrm           ####......   100%        5    #####..
 Steam Barrier            Chrm/Fire      ###.......   100%        5    #####..
 Summon Demon             Summ           #.........   100%        5    #####..
 Summon Forest            Summ/Tloc      #.........   100%        5    #####..
 Summon Lightning Spire   Summ/Air       #.......     100%        5    #####..
 Summon Mana Viper        Hex/Summ       #.......     100%        5    #####..
 Venom Bolt               Conj/Pois      #.........   100%        5    #####..
 Aura of Abjuration       Summ           #.........   100%        6    ######.
 Bolt of Cold             Conj/Ice       #.........   100%        6    ######.
 Bolt of Fire             Conj/Fire      #.........   100%        6    ######.
 Conjure Ball Lightning   Conj/Air       #.........   100%        6    ######.
 Darkness                 Hex            #.........   100%        6    ######.
 Death Channel            Chrm/Necr      ###.......   100%        6    ######.
 Dispersal                Tloc           ##........   100%        6    ######.
 Iron Shot                Conj/Erth      #.........   100%        6    ######.
 Poison Arrow             Conj/Pois      #.........   100%        6    ######.
 Summon Hydra             Summ           #.........   100%        6    ######.
 Controlled Blink         Tloc           ##......     100%        7    #######
 Haunt                    Necr/Summ      #.........   100%        7    #######
 Icicle Burst             Conj/Ice       #.........   100%        7    #######
 Orb of Destruction       Conj           #.........   100%        7    #######
 Shadow Creatures         Summ           N/A          100%        7    #######
 Spellforged Servitor     Conj/Summ      #.........   100%        7    #######
 Borgnjor's Revivificati  Necr           #.........   100%        8    #######
 Chain Lightning          Conj/Air       #.........   100%        8    #######
 Glaciate                 Conj/Ice/Air   #.........   100%        8    #######
 Lehudib's Crystal Spear  Conj/Erth      #.........   100%        8    #######
 Necromutation            Tmut/Necr      #.......     100%        8    #######
 Time Stop                Chrm/Tloc      N/A          100%        8    #######
 Fire Storm               Conj/Fire      #.........   100%        9    #######
 Passage of Golubria      Tloc           Unusable     N/A         5    N/A

Dungeon Overview and Level Annotations

Branches:
Dungeon (12/12)            Temple (0/1) D:5            Lair (6/6) D:9
  Swamp (3/3) Lair:2       Shoals (3/3) Lair:3        Slime (5/5) Lair:6
    Orc (1/1) D:10            Elf (3/3) Orc          Vaults (2/3) D:11
  Crypt (0/2) Vaults:2     Depths (5/5) D:12            Zot (5/5) Depths:5

Shops:
D:4 }(   D:7 *   D:12 *   Orc ::*[(   Elf:1 [[?::[!   Elf:3 }   Depths:1 *
Depths:3 }=}   Depths:4 [

Portals:
Hell: Depths:1 Depths:2 Depths:3 Depths:4 Depths:5
Abyss: Swamp:1 Depths:4
Pandemonium: Depths:3
Ziggurat: Depths:3

Annotations:
D:4 3 runed translucent doors, AppleFox63's ghost, amateur GnAK
D:8 exclusion: downstairs
D:9 Erolcha
D:11 3 runed translucent doors, Cris's ghost, journeyman FrVM
Shoals:1 3 runed translucent doors, exclusion: obsidian statue, Cris's ghost, journeyman MiFi
Elf:3 1 exclusion
Depths:3 2 transporters, exclusion: obsidian statue


Innate Abilities, Weirdness & Mutations

You have an increased reservoir of magic. (+10% MP)
You have a pair of small horns on your head.
You are surrounded by a mild repulsion field. (EV +2)
You are partially covered in iridescent scales. (AC +2)
You are clumsy. (Dex -2)
Armour fits poorly on your strangely shaped body.
You are frail. (-10% HP)
You are weak. (Str -2)


Message History

You throw a javelin. The javelin hits the reaper!!
The reaper is almost dead.
Throwing (i - inventory. (/) - cycle)
g - 408 javelins (quivered)
Press: ? - help, Shift-Dir - straight line, f/p - reaper
Aim: a reaper, wielding a +0 scythe of freezing (almost dead)
You throw a javelin. The javelin hits the reaper!!
You kill the reaper!
Your kill strengthens your divinity.
No target in view!
(D) Dungeon (T) Temple (L) Lair (S) Swamp (A) Shoals (M) Slime Pits (O) Orcish Mines (E) Elven Halls (V) Vaults (C) Crypt (U) Depths (H) Hell (Z) Zot
Where to? (Enter - D:1 @ (x,y), ? - help)
There is a stone staircase leading up here.
You climb upwards.
Level annotation: 3 runed translucent doors, AppleFox63's ghost, amateur GnAK
There is a stone staircase leading down here.
HP restored.
There is a stone staircase leading up here.
You climb upwards.
Natasha hisses angrily.
Natasha is too close now for your liking.
There is a stone staircase leading down here.
You slice Natasha!!
You kill Natasha!
Your kill strengthens your divinity.
No target in view!
(D) Dungeon (T) Temple (L) Lair (S) Swamp (A) Shoals (M) Slime Pits (O) Orcish Mines (E) Elven Halls (V) Vaults (C) Crypt (U) Depths (H) Hell (Z) Zot
Where to? (Enter - D:1 @ (x,y), ? - help)
There is an open door here.
There is a stone staircase leading up here.
You climb upwards.
There is a stone staircase leading down here.
There is a stone staircase leading up, spattered with blood here.
You climb upwards.
There is a stone staircase leading down here.
You walk carefully through the plants.
You walk carefully through the plants.
An Orb Guardian comes into view.
Throwing (i - inventory. (/) - cycle)
g - 407 javelins (quivered)
Press: ? - help, Shift-Dir - straight line, f - Orb Guardian
Aim: an Orb Guardian You throw a javelin.
The javelin hits the Orb Guardian but does no damage.
Throwing (i - inventory. (/) - cycle)
g - 406 javelins (quivered)
Press: ? - help, Shift-Dir - straight line, f/p - Orb Guardian
Aim: an Orb Guardian You throw a javelin.
The javelin closely misses the Orb Guardian.
Throwing (i - inventory. (/) - cycle)
g - 405 javelins (quivered)
Press: ? - help, Shift-Dir - straight line, f/p - Orb Guardian
Aim: an Orb Guardian You throw a javelin.
The javelin hits the Orb Guardian!!!
The Orb Guardian is heavily wounded.
Throwing (i - inventory. (/) - cycle)
g - 404 javelins (quivered)
Press: ? - help, Shift-Dir - straight line, f/p - Orb Guardian
Aim: an Orb Guardian (heavily wounded)
You are feeling very hungry.
You throw a javelin. The javelin hits the Orb Guardian!!
The Orb Guardian is severely wounded.
You block the Orb Guardian's attack.
Your shield prevents you from hitting the Orb Guardian.
You headbutt the Orb Guardian, but do no damage.
The Orb Guardian is severely wounded.
You block the Orb Guardian's attack.
A reaper comes into view. It is wielding a +2 scythe of slicing.
You hit the Orb Guardian but do no damage.
You headbutt the Orb Guardian, but do no damage.
The Orb Guardian is severely wounded.
The Orb Guardian gazes at you. You resist. The bolt of lightning hits you.
You slice the Orb Guardian!! You headbutt the Orb Guardian.
You kill the Orb Guardian!
Your kill strengthens your divinity.
Your Invocations skill increases to level 22!
Throwing (i - inventory. (/) - cycle)
g - 403 javelins (quivered)
Press: ? - help, Shift-Dir - straight line, f - reaper
Aim: a reaper, wielding a +2 scythe of slicing You throw a javelin.
The javelin hits the reaper!!!
The reaper is severely wounded.
Throwing (i - inventory. (/) - cycle)
g - 402 javelins (quivered)
Press: ? - help, Shift-Dir - straight line, f/p - reaper
Aim: a reaper, wielding a +2 scythe of slicing (severely wounded)
You throw a javelin. The javelin hits the reaper!
The reaper is severely wounded.
Throwing (i - inventory. (/) - cycle)
g - 401 javelins (quivered)
Press: ? - help, Shift-Dir - straight line, f/p - reaper
Aim: a reaper, wielding a +2 scythe of slicing (severely wounded)
You throw a javelin. The javelin hits the reaper!!
You kill the reaper!
Your kill strengthens your divinity.
No target in view!
There is an open door here.
You see here a cursed -2 club.
There is a staircase leading out of the dungeon, spattered with blood here.
You have escaped!

#################
#...............#
#####...............#
#.........##'##.....# ##
#........##...##....########.
#........#..@..#.............
#........##...##...###...####
#.........##)##....# ###....#
#..................# ###...
#..................# #....#
#.....#.####.###...### #....#
#.....#..# #.# ##....###..###
#####.##.###.# #........## #
#.##..##)####.####...####


There were no monsters in sight!

Vanquished Creatures
  the Royal Jelly (Slime:5)
  5 pandemonium lords
  2 juggernauts
  5 orbs of fire
  3 ancient liches (Zot:5)
  Mennas (Depths:4)
  Boris (Depths:5)
  Margery (Depths:4)
  5 golden dragons
  4 Killer Klowns (Zot:5)
  Bai Suzhen (Elf:1)
  Saint Roka (Depths:4)
  Frederick (Depths:5)
  A curse toe (Zot:2)
  6 caustic shrikes
  2 rockslimes
  A Brimstone Fiend (Zot:5)
  A bone dragon (Zot:2)
  An electric golem (Zot:5)
  Frances (Swamp:2)
  A Hell Sentinel (Depths:5)
  29 Orb Guardians
  A wendigo (Depths:4)
  9 tentacled monstrosities
  Rupert (Lair:4)
  3 quicksilver dragons (Zot:5)
  4 deep elf blademasters
  2 Executioners
  2 titans (Zot:2)
  Polyphemus (Shoals:3)
  A lich (Depths:3)
  18 acid blobs
  3 death cobs
  2 sphinxes
  2 shadow dragons
  5 tengu reavers
  Kirke (Lair:4)
  A tentacled starspawn (Abyss:2)
  3 thorn hunters
  Donald (Swamp:1)
  3 draconian monks
  4 frost giants
  A warmonger (D:9)
  13 storm dragons
  4 draconian knights
  9 fire giants
  11 azure jellies
  Ilsuiw (Shoals:2)
  A ghost moth (Zot:5)
  Louise (Swamp:3)
  A cacodemon (Abyss:2)
  2 orc warlords
  13 deep elf sorcerers
  4 vault wardens
  Aizul (Elf:1)
  2 draconian stormcallers (Zot:2)
  12 stone giants
  2 deep elf elementalists (Elf:3)
  3 draconian scorchers
  5 draconian shifters
  5 reapers
  3 spriggan defenders
  3 eyes of devastation
  20 very ugly things
  2 draconian annihilators
  3 jiangshi (Depths:1)
  4 ironheart preservers
  9 green draconians
  A vampire knight (Depths:4)
  8 red draconians
  7 black draconians
  4 deep elf demonologists
  3 spark wasps (Depths:4)
  6 white draconians
  A deep elf death mage (Elf:3)
  2 yellow draconians
  6 deep elf annihilators
  A blizzard demon (D:6)
  10 dire elephants
  A green death (Depths:3)
  2 merfolk javelineers
  8 ettins
  A mummy priest (Depths:3)
  19 fire dragons
  6 deep elf high priests (Elf:3)
  6 merfolk impalers (Shoals:3)
  15 hydras
  4 rakshasas
  7 yaktaur captains
  A monstrous demonspawn (Depths:3)
  6 merfolk aquamancers
  8 ice dragons
  4 spriggan air magi
  2 shambling mangroves
  3 ogre magi
  7 merfolk avatars
  Psyche (D:9)
  A shadow wraith (D:11)
  A death knight (D:11)
  8 great orbs of eyes
  An alligator snapping turtle (Shoals:2)
  9 alligators
  A queen ant (D:9)
  8 two-headed ogres
  7 death oozes (Slime:5)
  A catoblepas (Shoals:3)
  3 ghost crabs
  3 deep troll shamans (Depths:1)
  An ancient automaton (Slime:1)
  4 spriggan berserkers
  4 death yaks
  4 vampire magi
  A satyr (Shoals:1)
  4 deep troll earth magi
  5 orc high priests
  3 tengu warriors
  5 sea snakes
  32 dancing weapons
  3 soul eaters
  Nergalle (D:9)
  8 deep trolls (Depths:1)
  4 ironheart beastmasters
  A goliath frog (Swamp:3)
  14 deep elf knights
  20 centaur warriors
  3 sixfirhies
  A wretched star (Abyss:2)
  An unseen horror (shapeshifter) (Zot:2)
  17 hell knights
  2 iron trolls (Depths:1)
  3 infernal demonspawn
  5 glowing orange brains
  A shadow demon (Depths:1)
  7 sun demons
  An unseen horror (D:11)
  2 torturous demonspawn (Zot:5)
  A flayed ghost (Vaults:2)
  7 swamp dragons
  10 starcursed masses (Abyss:2)
  A spriggan druid (Swamp:3)
  3 wizards
  14 deep elf archers
  An obsidian statue (Depths:1)
  10 ironheart convokers
  A phantasmal warrior (Vaults:2)
  An orange crystal statue (Elf:1)
  29 harpies
  3 wolf spiders
  8 orc knights
  4 necromancers
  4 cyclopes
  17 manticores
  29 ugly things
  3 shining eyes
  5 orc sorcerers (Orc)
  An oklob plant (Lair:3)
  58 deep elf magi
  A worldbinder (Abyss:2)
  2 fauns (Shoals:2)
  17 moths of wrath
  A moth of wrath (shapeshifter) (Vaults:1)
  10 will-o'-wisps
  3 salamanders
  An iron dragon skeleton (Abyss:2)
  A torpor snail (Lair:6)
  Joseph (Lair:1)
  4 smoke demons
  2 rust devils
  6 vault sentinels
  A molten gargoyle (Depths:2)
  A guardian serpent (Lair:6)
  13 merfolk sirens
  8 black mambas
  16 cane toads
  2 gargoyles
  A cane toad (shapeshifter) (Depths:1)
  10 water nymphs
  A hellion (D:12)
  9 orange demons
  A rime drake (Lair:5)
  A demonic crawler (Abyss:2)
  6 komodo dragons
  4 kobold demonologists
  8 freezing wraiths
  3 ice devils
  17 yaktaurs
  A flying skull (Abyss:2)
  A hellwing (Abyss:1)
  A tengu conjurer (Elf:3)
  2 eyes of draining
  An ancient zyme (Abyss:2)
  A komodo dragon (shapeshifter) (Depths:5)
  A red devil (Depths:1)
  9 trolls
  19 merfolk
  A polar bear (shapeshifter) (Depths:2)
  11 hornets
  2 raiju
  A harpy skeleton (D:12)
  8 tyrant leeches
  3 wind drakes
  3 polar bears
  102 slime creatures
  6 snapping turtles
  15 hippogriffs
  16 blink frogs
  13 dream sheep
  An ettin skeleton (Abyss:2)
  2 air elementals
  11 water elementals
  10 spriggans
  A vampire (D:8)
  A shadow (D:11)
  2 fire elementals (Elf:2)
  17 humans
  2 ynoxinuls
  7 large abominations
  A human (shapeshifter) (Vaults:2)
  9 wyverns
  14 yaks
  8 golden eyes
  A hungry ghost (D:12)
  3 vampire mosquitoes (Swamp:2)
  4 neqoxecs
  A golden eye (shapeshifter) (Vaults:2)
  3 basilisks
  2 chaos spawn
  3 redbacks (Lair:6)
  3 steam dragons
  Menkaure (D:5)
  13 swamp worms
  3 wargs (Orc)
  A harpy simulacrum (D:11)
  A water moccasin (shapeshifter) (Depths:2)
  16 crocodiles
  25 water moccasins
  4 acid dragons
  41 orc warriors
  12 soldier ants
  2 floating eyes
  12 porcupines
  13 swamp drakes
  6 sky beasts
  3 ice beasts
  4 black bears
  A hornet zombie (D:6)
  A necrophage (D:8)
  A tengu (shapeshifter) (Depths:1)
  8 wolves
  2 phantoms
  16 boggarts
  21 ogres
  A bullfrog (shapeshifter) (Depths:1)
  13 small abominations
  20 kobold brigands
  12 bullfrogs
  An elf zombie (Ossuary)
  3 earth elementals
  10 centaurs
  9 scorpions
  7 wights
  9 howler monkeys
  4 electric eels
  24 orc priests
  A bullfrog zombie (D:6)
  10 crimson imps
  6 hounds
  6 iron imps
  4 quasits
  Crazy Yiuf (D:3)
  2 bullfrog skeletons
  3 jellies
  26 orc wizards
  Ijyb (D:5)
  Natasha (thrice) (D:3)
  7 iguanas
  34 worker ants
  4 hell rats (Lair:5)
  3 hound zombies
  2 hound skeletons
  3 mummies (Ossuary)
  Robin (D:2)
  26 adders
  7 gnolls
  3 howler monkey skeletons
  8 river rats (Sewer)
  3 shadow imps
  8 white imps
  3 ufetubi
  An ooze (D:2)
  2 adder skeletons (D:6)
  3 adder zombies (Ossuary)
  7 worms
  A dart slug (D:3)
  3 leopard geckos
  112 orcs
  8 ball pythons
  5 bats
  2 giant cockroaches (D:1)
  A gnoll zombie (Ossuary)
  15 goblins
  9 hobgoblins
  9 jackals
  39 kobolds
  4 quokkas
  4 frilled lizards
  3 goblin zombies (Ossuary)
  3 hobgoblin zombies (Ossuary)
  2 kobold zombies
  2 quokka zombies (Ossuary)
  26 rats
  4 rat zombies (Ossuary)
  8 fungi
  A lurking horror (Abyss:2)
  8 plants
  3 starspawn tentacles (Abyss:2)
2090 creatures vanquished.

Vanquished Creatures (collateral kills)
  A yellow draconian (Zot:4)
  A moth of wrath (Zot:2)
2 creatures vanquished.

Vanquished Creatures (others)
  3 death cobs
  A deep elf master archer (Elf:3)
  5 acid blobs (Slime:5)
  A storm dragon (Zot:2)
  7 azure jellies (Slime:5)
  A ghost moth (Zot:2)
  A merfolk javelineer (Shoals:3)
  A deep elf high priest (Zot:2)
  5 death oozes (Slime:5)
  An ice dragon (Depths:5)
  5 centaur warriors
  A cyclops (Vaults:2)
  2 deep elf magi (Elf:2)
  2 moths of wrath (Zot:5)
  2 yaktaurs (Vaults:2)
  A merfolk (Shoals:2)
  2 humans (Lair:4)
  A swamp worm (Swamp:2)
  A small abomination (Abyss:2)
  3 orcs (D:11)
  4 briar patches (Swamp:1)
  A bush (D:9)
  32 fungi
  2 lurking horrors
  70 plants
  2 starspawn tentacles (Abyss:2)
157 creatures vanquished.

Grand Total: 2249 creatures vanquished

Notes
Turn   | Place    | Note
-------+----------+-------------------------------------------
     0 | D:1      | Artagas the Demigod Warper began the quest for the Orb.
     0 | D:1      | Reached XP level 1. HP: 17/17 MP: 5/5
    65 | D:1      | Reached skill level 2 in Fighting
    65 | D:1      | Reached skill level 2 in Throwing
   207 | D:1      | Reached XP level 2. HP: 25/25 MP: 7/7
   400 | D:1      | Learned a level 2 spell: Blink
   412 | D:1      | Got a flickering lead amulet
   936 | D:2      | Reached skill level 3 in Fighting
  1013 | D:2      | Reached XP level 3. HP: 22/31 MP: 8/8
  1401 | D:2      | Reached * piety under Demigod
  1553 | D:2      | Noticed Robin
  1623 | D:2      | Killed Robin
  1624 | D:2      | Reached XP level 4. HP: 36/38 MP: 9/9
  1728 | D:2      | Found a faded altar of an unknown god.
  2072 | D:3      | Identified the cursed amulet of Hucappup {Inacc Str+4} (You
                  | found it on level 1 of the Dungeon)
  2582 | D:3      | HP: 6/40 [orc wizard/magic dart (5)]
  2584 | D:3      | Reached skill level 4 in Fighting
  2584 | D:3      | Reached skill level 3 in Throwing
  2584 | D:3      | Reached XP level 5. HP: 7/46 MP: 10/10
  2837 | D:3      | Reached ** piety under Demigod
  3037 | D:3      | Found a runed door.
  3082 | D:3      | Reached skill level 4 in Throwing
  3194 | D:3      | Reached skill level 1 in Maces & Flails
  3239 | D:3      | Noticed Natasha
  3241 | D:3      | Killed Natasha
  3318 | D:3      | Reached XP level 6. HP: 50/52 MP: 11/11
  3353 | D:3      | Noticed Natasha
  3359 | D:3      | Killed Natasha
  3360 | D:3      | Reached skill level 2 in Maces & Flails
  3445 | D:3      | Noticed Crazy Yiuf
  3449 | D:3      | Killed Crazy Yiuf
  3826 | D:4      | Reached skill level 3 in Maces & Flails
  3872 | D:4      | Found Weaps's Gadget Shop.
  3877 | D:4      | Bought a wand of iceblast (4) for 97 gold pieces
  3877 | D:4      | Bought a wand of acid (4) for 130 gold pieces
  4022 | D:4      | Found Zyuvirgh's Weapon Shoppe.
  4056 | D:4      | Found a glowing silver altar of Zin.
  4084 | D:4      | Got a brightly glowing war axe
  4127 | D:4      | Found a bloodstained altar of Trog.
  4190 | D:4      | Found a runed translucent gate.
  4190 | D:4      | Found a runed translucent gate.
  4190 | D:4      | Noticed AppleFox63's ghost (amateur GnAK)
  4191 | D:4      | Found a runed translucent gate.
  4192 | D:4      | Identified the +2 leather armour of Dogma {Str+2 Int+5}
  4192 | D:4      | Noticed an orc warrior
  4194 | D:4      | Found a roughly hewn altar of Beogh.
  4330 | D:5      | Entered Level 5 of the Dungeon
  4330 | D:5      | Found a staircase to the Ecumenical Temple.
  4385 | D:5      | Noticed Menkaure
  4393 | D:5      | Killed Menkaure
  4394 | D:5      | Reached skill level 5 in Fighting
  4394 | D:5      | Reached XP level 7. HP: 32/61 MP: 12/12
  4511 | D:5      | Found a stormy altar of Qazlal.
  4589 | D:5      | Reached skill level 2 in Dodging
  4594 | D:5      | Reached skill level 1 in Armour
  4604 | D:5      | Reached skill level 1 in Shields
  4796 | D:5      | Noticed Ijyb
  4811 | D:5      | Killed Ijyb
  4812 | D:5      | Reached skill level 2 in Armour
  4812 | D:5      | Reached skill level 2 in Shields
  4872 | D:5      | Identified the +8 war axe "Ofelaiv" {venom, +Fly Dex+3}
                  | (You found it on level 4 of the Dungeon)
  4938 | D:5      | Reached skill level 1 in Axes
  5001 | D:5      | Reached skill level 2 in Axes
  5197 | D:5      | Reached skill level 3 in Axes
  5199 | D:5      | Reached XP level 8. HP: 53/68 MP: 13/13
  5217 | D:5      | Reached skill level 4 in Axes
  5401 | D:6      | Reached *** piety under Demigod
  5403 | D:6      | Noticed a green ugly thing
  5417 | D:6      | Killed a green ugly thing
  5418 | D:6      | Reached skill level 6 in Axes
  5434 | D:6      | HP: 10/68 [poisoned by a green ugly thing]
  5441 | D:6      | HP: 10/68 [poisoned by a green ugly thing]
  5494 | D:6      | Reached skill level 7 in Axes
  5678 | D:6      | Found a glowing drain.
  5682 | Sewer    | Entered a sewer
  5893 | Sewer    | Reached XP level 9. HP: 72/74 MP: 14/14
  5944 | Sewer    | Reached **** piety under Demigod
  6404 | D:6      | Reached skill level 8 in Axes
  6484 | D:6      | Found a burning altar of Makhleb.
  7008 | D:7      | Reached skill level 9 in Axes
  7071 | D:7      | Reached skill level 3 in Armour
  7071 | D:7      | Reached skill level 3 in Shields
  7096 | D:7      | Noticed a troll
  7253 | D:7      | Killed a troll
  7365 | D:7      | Reached XP level 10. HP: 74/83 MP: 15/15
  7506 | D:7      | Reached skill level 6 in Fighting
  7519 | D:7      | Found a shadowy altar of Dithmenos.
  7647 | D:7      | Found Eran's General Store.
  7651 | D:7      | Bought a potion of haste for 100 gold pieces
  7685 | D:7      | Reached skill level 4 in Armour
  7693 | D:7      | Reached skill level 4 in Shields
  8183 | D:8      | Reached ***** piety under Demigod
  8189 | D:8      | Reached skill level 7 in Fighting
  8242 | D:8      | Reached skill level 1 in Invocations
  8294 | D:8      | Reached skill level 2 in Invocations
  8409 | D:8      | Found a sand-covered staircase.
  8424 | D:8      | Reached skill level 3 in Invocations
  8520 | Ossuary  | Entered an ossuary
  8532 | Ossuary  | Reached skill level 4 in Invocations
  8820 | D:8      | Reached skill level 5 in Invocations
  8962 | D:8      | Noticed a wolf spider
  8968 | D:8      | Killed a wolf spider
  8969 | D:8      | Reached skill level 6 in Invocations
  9098 | D:9      | Noticed a gargoyle
  9115 | D:9      | Killed a gargoyle
  9116 | D:9      | Reached skill level 5 in Armour
  9220 | D:9      | Reached skill level 6 in Armour
  9225 | D:9      | Reached XP level 11. HP: 82/92 MP: 16/19
  9240 | D:9      | Reached skill level 10 in Axes
  9330 | D:9      | Noticed Erolcha
  9496 | D:9      | Found a staircase to the Lair.
  9564 | D:9      | Reached skill level 8 in Fighting
  9658 | D:9      | Noticed Psyche
  9682 | D:9      | Killed Psyche
  9881 | Lair:1   | Entered Level 1 of the Lair of Beasts
 10089 | Lair:1   | Noticed a four-headed hydra
 10128 | Lair:1   | Killed a four-headed hydra
 10129 | Lair:1   | Reached skill level 9 in Fighting
 10300 | Lair:1   | Reached skill level 7 in Invocations
 10498 | Lair:1   | Noticed Joseph
 10513 | Lair:1   | Killed Joseph
 10514 | Lair:1   | Reached skill level 8 in Invocations
 10930 | Lair:2   | Reached skill level 1 in Evocations
 10951 | Lair:2   | Reached skill level 2 in Evocations
 11135 | Lair:2   | Found a frozen archway.
 11147 | Lair:2   | Reached skill level 9 in Invocations
 11202 | IceCv    | Entered an ice cave
 11221 | IceCv    | Reached skill level 3 in Evocations
 11222 | IceCv    | Reached XP level 12. HP: 88/104 MP: 20/22
 11701 | Lair:2   | Reached skill level 4 in Evocations
 11722 | Lair:2   | Found a staircase to the Swamp.
 12035 | Lair:3   | Reached skill level 5 in Shields
 12039 | Lair:3   | Reached skill level 7 in Armour
 12049 | Lair:3   | Reached skill level 11 in Axes
 12299 | Lair:3   | Found a staircase to the Shoals.
 12311 | Lair:3   | Reached ****** piety under Demigod
 12698 | Lair:3   | Got an ancient ivory ring
 12699 | Lair:3   | Identified the ring "Esmefys" {rPois rF- Dex+6 Slay+5} (You
                  | found it on level 3 of the Lair of Beasts)
 13247 | Lair:4   | Noticed Rupert
 13256 | Lair:4   | Killed Rupert
 13257 | Lair:4   | Reached skill level 10 in Fighting
 13405 | Lair:4   | Noticed Kirke
 13415 | Lair:4   | Killed Kirke
 13416 | Lair:4   | Reached skill level 12 in Axes
 14119 | Lair:5   | Noticed a death yak
 14128 | Lair:5   | Killed a death yak
 14129 | Lair:5   | Reached XP level 13. HP: 55/113 MP: 23/23
 15131 | Lair:5   | Found the +8 whip "Snakebite" {curare, rPois}
 15701 | Lair:6   | Entered Level 6 of the Lair of Beasts
 16014 | Lair:6   | Reached skill level 6 in Shields
 16014 | Lair:6   | Reached skill level 10 in Invocations
 16022 | Lair:6   | Reached skill level 8 in Armour
 16115 | Lair:6   | Reached skill level 3 in Dodging
 16203 | Lair:6   | Reached skill level 4 in Dodging
 16280 | Lair:6   | Reached skill level 5 in Dodging
 16707 | Lair:6   | Found a staircase to the Slime Pits.
 16711 | Lair:6   | Found a viscous altar of Jiyva.
 16977 | Lair:6   | Reached skill level 11 in Fighting
 17486 | Lair:6   | Reached skill level 11 in Invocations
 17571 | Lair:6   | Noticed a fire dragon
 17580 | Lair:6   | Killed a fire dragon
 17581 | Lair:6   | Reached XP level 14. HP: 58/124 MP: 24/26
 17583 | Lair:6   | Reached skill level 13 in Axes
 18318 | D:9      | Noticed Nergalle
 18336 | D:9      | Killed Nergalle
 18612 | D:9      | Cast into level 1 of the Abyss (Erolcha)
 18751 | Abyss:1  | Noticed a starcursed mass
 18763 | Abyss:1  | Noticed a cyan very ugly thing
 18763 | Abyss:1  | Noticed a cyan very ugly thing
 18763 | Abyss:1  | Noticed a cyan very ugly thing
 18763 | Abyss:1  | Noticed a cyan very ugly thing
 18765 | Abyss:1  | Noticed a cyan very ugly thing
 18877 | Abyss:1  | HP: 7/124 [smoke demon/divine providence (12)]
 18928 | Abyss:2  | Got an ancient battleaxe
 18951 | Abyss:2  | Found a corrupted altar of Lugonu.
 18980 | Abyss:2  | Found a corrupted altar of Lugonu.
 18997 | Abyss:2  | Found a corrupted altar of Lugonu.
 19044 | Abyss:2  | Noticed a starcursed mass
 19195 | Abyss:2  | Noticed a starcursed mass
 19196 | Abyss:2  | Noticed a cyan very ugly thing
 19203 | Abyss:2  | Noticed a cyan very ugly thing
 19249 | D:9      | Escaped the Abyss
 19390 | D:10     | Entered Level 10 of the Dungeon
 19518 | D:10     | Found a staircase to the Orcish Mines.
 20287 | D:11     | Found a gate to the Vaults.
 20396 | D:11     | Reached skill level 12 in Fighting
 20422 | D:10     | Identified the +8 battleaxe of Twilight {chop, Str+2} (You
                  | found it on level 2 of the Abyss)
 20476 | D:11     | Reached skill level 5 in Throwing
 20520 | D:11     | Reached skill level 6 in Throwing
 20737 | D:11     | Reached skill level 7 in Throwing
 20959 | D:11     | Reached skill level 8 in Throwing
 21116 | D:11     | Found a runed translucent gate.
 21116 | D:11     | Found a runed translucent gate.
 21116 | D:11     | Found a runed translucent gate.
 21119 | D:11     | Noticed Cris's ghost (journeyman FrVM)
 21662 | D:12     | Entered Level 12 of the Dungeon
 21712 | D:12     | Reached XP level 15. HP: 112/132 MP: 27/27
 22460 | D:12     | Found Xuadghi's Assorted Antiques.
 22469 | D:12     | Bought a scroll of blinking for 157 gold pieces
 22469 | D:12     | Bought a scroll labeled SEINO XAOVIM for 21 gold pieces
 22566 | D:12     | Reached skill level 7 in Shields
 22568 | D:12     | Found a staircase to the Depths.
 22619 | D:12     | Reached skill level 9 in Armour
 23065 | D:7      | Bought the +5 scale mail of Eneuc {Int-2 Dex+5 Slay+4} for
                  | 591 gold pieces
 23159 | Orc      | Entered the Orcish Mines
 23485 | Orc      | Found a roughly hewn altar of Beogh.
 23545 | Orc      | Found Bedgh's Book Shoppe.
 23574 | Orc      | Reached skill level 6 in Dodging
 23702 | Orc      | Found a staircase to the Elven Halls.
 23836 | Orc      | Noticed an orc warlord
 23853 | Orc      | Killed an orc warlord
 24052 | Orc      | Found Cupt's Antique Armour Shop.
 24232 | Orc      | Found Joluwn's General Store.
 24232 | Orc      | Found Helup's Book Shop.
 24234 | Orc      | Found Zaicyih's Antique Weapon Boutique.
 24249 | Orc      | Bought 2 scrolls of fog for 60 gold pieces
 24249 | Orc      | Bought a scroll of blinking for 112 gold pieces
 25221 | Swamp:1  | Entered Level 1 of the Swamp
 25438 | Swamp:1  | Reached skill level 7 in Dodging
 25483 | Swamp:1  | Noticed Donald
 25494 | Swamp:1  | Killed Donald
 25495 | Swamp:1  | Reached skill level 8 in Shields
 25638 | Swamp:1  | Noticed a thorn hunter
 25663 | Swamp:1  | Killed a thorn hunter
 25694 | Swamp:1  | Reached skill level 10 in Armour
 25777 | Swamp:1  | Found a corrupted altar of Lugonu.
 25780 | Swamp:1  | Found a one-way gate to the infinite horrors of the Abyss.
 25865 | Swamp:1  | Reached skill level 8 in Dodging
 25934 | Swamp:1  | Noticed a thorn hunter
 25947 | Swamp:1  | Killed a thorn hunter
 26392 | Swamp:2  | Reached XP level 16. HP: 141/141 MP: 28/28
 26405 | Swamp:2  | Reached skill level 13 in Fighting
 26428 | Swamp:2  | Noticed Frances
 26446 | Swamp:2  | Killed Frances
 26652 | Swamp:2  | Reached skill level 12 in Invocations
 26944 | Swamp:3  | Entered Level 3 of the Swamp
 26955 | Swamp:3  | Noticed a thorn hunter
 27384 | Swamp:3  | Reached skill level 14 in Fighting
 27675 | Swamp:3  | Got a decaying rune of Zot
 27857 | Swamp:3  | Killed a thorn hunter
 27997 | Swamp:3  | Noticed Louise
 28002 | Swamp:3  | Killed Louise
 28715 | Vaults:1 | Entered Level 1 of the Vaults
 28724 | Vaults:1 | Reached skill level 11 in Armour
 29053 | D:11     | Reached skill level 9 in Dodging
 29053 | D:11     | Reached skill level 9 in Shields
 29156 | Vaults:1 | Reached skill level 13 in Invocations
 29156 | Vaults:1 | Reached XP level 17. HP: 71/152 MP: 19/31
 29512 | Vaults:1 | Reached skill level 14 in Invocations
 31307 | Shoals:1 | Entered Level 1 of the Shoals
 31408 | Shoals:1 | Noticed Cris's ghost (journeyman MiFi)
 31459 | Shoals:1 | Found a runed translucent gate.
 31642 | Shoals:1 | Found a runed translucent gate.
 31643 | Shoals:1 | Found a runed translucent gate.
 31645 | Shoals:1 | Found Loanabet's Assorted Antiques.
 31698 | Shoals:1 | Reached skill level 15 in Fighting
 32004 | Shoals:1 | Identified the Grimoire of Translocation and Intoxication
 32302 | Shoals:1 | Reached skill level 5 in Evocations
 33023 | Shoals:2 | Reached skill level 9 in Throwing
 33238 | Shoals:2 | Reached skill level 6 in Evocations
 33276 | Shoals:2 | Identified the cursed +0 scale mail of Gravity {*Drain
                  | rCorr Dex+4 Stlth+}
 33861 | Shoals:2 | Noticed Ilsuiw
 33878 | Shoals:2 | Killed Ilsuiw
 34040 | Shoals:3 | Entered Level 3 of the Shoals
 34053 | Shoals:3 | Reached skill level 7 in Evocations
 34397 | Shoals:3 | Identified the Collected Works on the Rocks and
                  | Transmutation
 34479 | Shoals:3 | Reached skill level 10 in Throwing
 34531 | Shoals:3 | Reached XP level 18. HP: 163/163 MP: 33/33
 34907 | Shoals:3 | Reached skill level 10 in Dodging
 34907 | Shoals:3 | Reached skill level 10 in Shields
 35004 | Shoals:3 | Noticed Polyphemus
 35015 | Shoals:3 | Killed Polyphemus
 35117 | Shoals:3 | Got a barnacled rune of Zot
 35272 | Shoals:3 | Identified Sif Muna's Guide on Dislocation
 35500 | Shoals:3 | Identified the ring of Piryrphoz {rElec rPois AC+3 Int-5
                  | Dex+4}
 36253 | Vaults:2 | Found a staircase to the Crypt.
 36253 | Vaults:2 | Found an ancient bone altar of Kikubaaqudgha.
 36262 | Vaults:2 | Found a basalt altar of Yredelemnul.
 36772 | Vaults:2 | Reached skill level 16 in Fighting
 37506 | Vaults:2 | Reached XP level 19. HP: 138/172 MP: 14/34
 37949 | Vaults:2 | Reached skill level 11 in Dodging
 37949 | Vaults:2 | Reached skill level 11 in Shields
 38116 | Vaults:2 | Reached skill level 12 in Armour
 38280 | Vaults:2 | Reached skill level 11 in Throwing
 38290 | Vaults:2 | Found the +7 longbow "Piercer" {penet, EV-2}
 38363 | Vaults:2 | Identified the ring "Ohut" {rC++ Stlth--}
 38436 | Vaults:2 | Identified the ring "Qephunte" {MR+ Str-5 Int+6 Dex+5}
 38835 | Elf:1    | Entered Level 1 of the Elven Halls
 39177 | Elf:1    | Noticed Aizul
 39192 | Elf:1    | Killed Aizul
 39268 | Elf:1    | Identified Qyqukoem's Handbook of Creative Confrontation
 39356 | Elf:1    | Found Poifonn's Armour Shop.
 39371 | Elf:1    | Found Agoisu's Antique Armour Shop.
 39372 | Elf:1    | Found Ykkiedgh's Magic Scroll Boutique.
 39388 | Elf:1    | Bought a scroll of teleportation for 54 gold pieces
 39388 | Elf:1    | Bought a scroll of teleportation for 54 gold pieces
 39433 | Elf:1    | Found Biru's Book Shop.
 39442 | Elf:1    | Found Siohisan's Antique Armour Shop.
 39454 | Elf:1    | Noticed Bai Suzhen
 39474 | Elf:1    | Killed Bai Suzhen
 39539 | Elf:1    | Found Lepsul's Distillery.
 39551 | Elf:1    | Bought a potion of curing for 30 gold pieces
 39551 | Elf:1    | Bought a potion of heal wounds for 60 gold pieces
 39551 | Elf:1    | Bought a potion of resistance for 120 gold pieces
 39551 | Elf:1    | Bought a potion of might for 48 gold pieces
 39551 | Elf:1    | Bought a potion of haste for 120 gold pieces
 39551 | Elf:1    | Bought a potion of lignification for 36 gold pieces
 39737 | Elf:1    | Found Houlimp's Book Emporium.
 40424 | Elf:2    | Found a runed gate.
 40425 | Elf:2    | Found a runed gate.
 40425 | Elf:2    | Found a runed gate.
 40560 | Elf:2    | Reached skill level 12 in Dodging
 40609 | Elf:2    | Reached skill level 12 in Shields
 40841 | Elf:2    | Reached skill level 13 in Armour
 40926 | Elf:2    | Reached skill level 14 in Axes
 40968 | Elf:2    | Reached XP level 20. HP: 177/180 MP: 35/35
 41348 | Elf:2    | Upgraded the game from bcrawl-1.38.3 to bcrawl-1.39
 41704 | D:12     | Bought a scroll of enchant armour for 157 gold pieces
 41853 | Elf:3    | Entered Level 3 of the Elven Halls
 42384 | Elf:3    | Reached skill level 15 in Invocations
 42386 | Elf:3    | Learned a level 1 spell: Infusion
 42436 | Elf:3    | Reached skill level 2 in Spellcasting
 42438 | Elf:3    | Identified the cursed +3 quarterstaff of Moral Flaws
                  | {flame, rElec}
 42447 | Elf:3    | Reached skill level 1 in Charms
 42652 | Elf:3    | Reached skill level 2 in Charms
 42709 | Elf:3    | Reached skill level 3 in Spellcasting
 42716 | Elf:3    | Found Rathrut's Gadget Boutique.
 42878 | Elf:3    | Reached skill level 3 in Charms
 42918 | Elf:3    | Identified the +7 trident "Cyrgh" {freeze, rF+ MR++}
 42918 | Elf:3    | Identified the ring "Ylidgh" {rN++ rCorr MP+9 Int-2}
 42979 | Elf:3    | Reached skill level 4 in Spellcasting
 42995 | Elf:3    | Cast into level 2 of the Abyss (a deep elf sorcerer)
 43015 | Abyss:2  | Reached skill level 4 in Charms
 43035 | Abyss:2  | Identified the ring of Ohidy {*Drain +Fly MP+9 Dex+2}
 43168 | Abyss:2  | Gained mutation: You occasionally shout uncontrollably at
                  | your foes. [a cacodemon]
 43170 | Abyss:2  | Gained mutation: Your body sometimes deteriorates upon
                  | taking damage. [a cacodemon]
 43173 | Abyss:2  | Gained mutation: You are surrounded by a mild repulsion
                  | field. (EV +2) [a cacodemon]
 43390 | Abyss:2  | Reached skill level 5 in Spellcasting
 43425 | Abyss:2  | Reached skill level 5 in Charms
 43594 | Abyss:2  | Found a corrupted altar of Lugonu.
 43632 | Elf:3    | Escaped the Abyss
 43646 | Elf:3    | Identified the cursed +2 spear of Kindness {pierce, rC++
                  | MR+}
 43648 | Elf:3    | Reached skill level 6 in Charms
 43667 | Elf:3    | Reached skill level 7 in Charms
 43984 | Elf:3    | Found the +3 Elemental Staff {rElec rF++ rC++ MR++ AC+5}
 44003 | Elf:3    | Identified a +1 pair of boots of running
 44058 | Elf:3    | Identified the +9 hunting sling "Cucoud" {velocity, +Inv
                  | rPois}
 44107 | Elf:3    | Learned a level 3 spell: Regeneration
 44111 | Elf:3    | Learned a level 3 spell: Spectral Weapon
 44114 | Elf:3    | Learned a level 2 spell: Song of Slaying
 44618 | Depths:1 | Entered Level 1 of the Depths
 44621 | Depths:1 | Reached skill level 8 in Charms
 44896 | Depths:1 | Found a snail-covered altar of Cheibriados.
 44915 | Depths:1 | Reached XP level 21. HP: 188/188 MP: 34/37
 44939 | Depths:1 | Reached skill level 14 in Armour
 45113 | Depths:1 | Reached skill level 9 in Charms
 45202 | Depths:1 | Identified the +3 hand axe "Anolomnease" {chop, rElec rC-
                  | MR+ Int+4}
 45277 | Depths:1 | Found a gateway to Hell.
 45426 | Depths:1 | Reached skill level 15 in Armour
 45466 | Depths:1 | Found Copnyas's Changing Room.
 45494 | Depths:1 | Bought a potion of mutation for 168 gold pieces
 45906 | Depths:2 | Reached skill level 16 in Armour
 46348 | Depths:2 | Reached skill level 17 in Armour
 46902 | Depths:3 | Noticed a rockslime
 46926 | Depths:3 | Killed a rockslime
 46945 | Depths:3 | Reached skill level 12 in Throwing
 46956 | Depths:3 | Found a gateway to a ziggurat.
 47006 | Depths:3 | Found a transporter.
 47012 | Depths:3 | Noticed a juggernaut
 47211 | Depths:3 | Found a one-way gate leading to the halls of Pandemonium.
 47266 | Depths:3 | Identified the amulet of Zyungaic {Rage +Blink rElec rPois
                  | Slay-3}
 47281 | Depths:3 | Found a transporter.
 47388 | Depths:3 | Found a shimmering blue altar of Sif Muna.
 47391 | Depths:3 | Identified the amulet "Idoeck" {RegenMP rN+ Int+4 Dex-5}
 47461 | Depths:3 | Reached XP level 22. HP: 68/195 MP: 13/38
 47581 | Depths:3 | Found Tuhorome's Gadget Boutique.
 47581 | Depths:3 | Found Baloatil's Jewellery Shoppe.
 47582 | Depths:3 | Found Devoesh's Gadget Boutique.
 47592 | Depths:3 | Bought a wand of acid (3) for 144 gold pieces
 47592 | Depths:3 | Bought a wand of acid (6) for 252 gold pieces
 47594 | Depths:3 | Bought an uncursed ring of protection from magic for 350
                  | gold pieces
 47865 | Depths:3 | Identified the Guide on Summoning
 47989 | Depths:4 | Noticed Saint Roka
 48007 | Depths:4 | Killed Saint Roka
 48174 | Depths:4 | Noticed a caustic shrike
 48184 | Depths:4 | Killed a caustic shrike
 48251 | Depths:4 | Found a corrupted altar of Lugonu.
 48319 | Depths:4 | Reached skill level 13 in Dodging
 48325 | Depths:4 | Reached skill level 13 in Shields
 48419 | Depths:4 | Noticed Margery
 48440 | Depths:4 | Killed Margery
 48552 | Depths:4 | Noticed Mennas
 48574 | Depths:4 | Killed Mennas
 48711 | Depths:4 | Found Qilivvug's Antique Armour Shoppe.
 49465 | Slime:1  | Entered Level 1 of the Pits of Slime
 49487 | Slime:1  | Reached skill level 17 in Fighting
 50239 | Slime:1  | Reached skill level 6 in Spellcasting
 50890 | Slime:4  | Reached skill level 10 in Charms
 50970 | Slime:4  | Found a viscous altar of Jiyva.
 51080 | Slime:5  | Entered Level 5 of the Pits of Slime
 51143 | Slime:5  | Reached skill level 7 in Spellcasting
 51191 | Slime:5  | Reached skill level 11 in Charms
 51228 | Slime:5  | Reached XP level 23. HP: 139/205 MP: 39/39
 51244 | Slime:5  | Noticed the Royal Jelly
 51574 | Slime:5  | Killed the Royal Jelly
 51575 | Slime:5  | Reached skill level 14 in Shields
 51683 | Slime:5  | Found the +8 trident of the Octopus King {venom, rElec
                  | rPois MR+}
 51707 | Slime:5  | Identified the +4 scimitar of Destruction {vamp, MR+}
 51719 | Slime:5  | Identified the Papyrus of Execration and the Arsonist
 51722 | Slime:5  | Got a slimy rune of Zot
 51723 | Slime:5  | Identified the cursed +3 trident "Tialou" {pierce, rF+ MP+9
                  | Int+3}
 51735 | Slime:5  | Identified the +8 glaive "Killer Klown's Death" {venom,
                  | +Rage rF- rN+ Int+2}
 51776 | Slime:5  | Identified the +1 chain mail of the Lair of Beasts
                  | {*Corrode rC++ rN+}
 51804 | Slime:5  | Identified a +2 pair of boots of running
 51807 | Slime:5  | Identified the cursed +0 plate armour of Awe {+Fly rC+
                  | Regen+}
 53216 | D:4      | Bought a wand of digging (11) for 312 gold pieces
 53216 | D:4      | Bought a wand of digging (6) for 182 gold pieces
 53216 | D:4      | Bought a wand of digging (10) for 286 gold pieces
 53585 | Depths:5 | Entered Level 5 of the Depths
 53736 | Depths:4 | Noticed a juggernaut
 53756 | Depths:4 | Killed a juggernaut
 53936 | Depths:5 | Noticed a golden dragon
 54013 | Depths:5 | Reached skill level 8 in Evocations
 54040 | Depths:5 | Killed a golden dragon
 54129 | Depths:5 | Noticed a caustic shrike
 54129 | Depths:5 | Noticed a caustic shrike
 54129 | Depths:5 | Noticed a caustic shrike
 54129 | Depths:5 | Noticed a caustic shrike
 54129 | Depths:5 | Noticed a caustic shrike
 54139 | Depths:5 | Killed a caustic shrike
 54141 | Depths:5 | Killed a caustic shrike
 54144 | Depths:5 | Killed a caustic shrike
 54145 | Depths:5 | Reached skill level 15 in Shields
 54148 | Depths:5 | Killed a caustic shrike
 54149 | Depths:5 | Reached skill level 9 in Evocations
 54151 | Depths:5 | Killed a caustic shrike
 54454 | Depths:5 | Reached skill level 10 in Evocations
 54487 | Depths:5 | Noticed Boris
 54503 | Depths:5 | Killed Boris
 54557 | Depths:5 | Noticed Frederick
 54557 | Depths:5 | Noticed a juggernaut
 54574 | Depths:5 | Killed a juggernaut
 54582 | Depths:5 | Killed Frederick
 54583 | Depths:5 | Reached skill level 11 in Evocations
 54904 | Depths:5 | Found a gate to the Realm of Zot.
 54988 | Zot:1    | Entered Level 1 of the Realm of Zot
 55272 | Zot:2    | Reached skill level 12 in Evocations
 55272 | Zot:2    | Reached XP level 24. HP: 193/214 MP: 39/39
 55275 | Zot:2    | Noticed a golden dragon
 55294 | Zot:2    | Killed a golden dragon
 55475 | Zot:2    | Noticed a golden dragon
 55501 | Zot:2    | Killed a golden dragon
 55653 | Zot:2    | Reached skill level 18 in Fighting
 55689 | Zot:2    | Identified a scroll of acquirement
 55754 | Zot:2    | Reached skill level 13 in Evocations
 55760 | Zot:2    | Identified the +8 war axe of Regafeumm {protect, Fragile
                  | rElec rF+++ Str-3} (You acquired it on level 2 of the Realm
                  | of Zot)
 55760 | Zot:2    | Identified the scarf of Day {stasis, *Contam rN++ Str+4}
                  | (You acquired it on level 2 of the Realm of Zot)
 55760 | Zot:2    | Identified the ring of Qasis {Fire Dex+10} (You acquired it
                  | on level 2 of the Realm of Zot)
 55904 | Zot:2    | Noticed a golden dragon
 55920 | Zot:2    | Killed a golden dragon
 56203 | Zot:4    | Noticed a golden dragon
 56228 | Zot:4    | Reached skill level 14 in Evocations
 56270 | Zot:5    | Entered Level 5 of the Realm of Zot
 56447 | Zot:5    | Killed a golden dragon
 56650 | Zot:4    | Reached skill level 18 in Armour
 56914 | Zot:5    | Noticed a Killer Klown
 56920 | Zot:5    | Killed a Killer Klown
 56930 | Zot:5    | Found an ancient bone altar of Kikubaaqudgha.
 56939 | Zot:5    | Reached XP level 25. HP: 224/224 MP: 33/39
 57024 | Zot:5    | Found a glowing golden altar of the Shining One.
 57221 | Zot:5    | Noticed an ancient lich
 57229 | Zot:5    | Killed an ancient lich
 57230 | Zot:5    | Reached skill level 16 in Shields
 57249 | Zot:5    | Noticed an orb of fire
 57250 | Zot:5    | Noticed an ancient lich
 57262 | Zot:5    | Noticed an orb of fire
 57265 | Zot:5    | Killed an orb of fire
 57266 | Zot:5    | Gained mutation: Armour fits poorly on your strangely
                  | shaped body. [an orb of fire]
 57272 | Zot:5    | Killed an ancient lich
 57273 | Zot:5    | Gained mutation: You are dopey. (Int -2) [an orb of fire]
 57274 | Zot:5    | Noticed an orb of fire
 57285 | Zot:5    | Reached skill level 15 in Evocations
 57288 | Zot:5    | Gained mutation: You are weak. (Str -2) [an orb of fire]
 57289 | Zot:5    | Killed an orb of fire
 57289 | Zot:5    | Lost mutation: You are weak. (Str -2) [an orb of fire]
 57295 | Zot:5    | Noticed an orb of fire
 57299 | Zot:5    | Noticed a Killer Klown
 57343 | Zot:5    | Gained mutation: You are very dopey. (Int -4) [an orb of
                  | fire]
 57363 | Zot:4    | Gained mutation: You tend to lose your temper in combat.
                  | [an orb of fire]
 57368 | Zot:4    | Gained mutation: You are weak. (Str -2) [an orb of fire]
 57373 | Zot:4    | Killed an orb of fire
 57374 | Zot:4    | Reached skill level 16 in Invocations
 57432 | Zot:5    | Gained mutation: You are clumsy. (Dex -2) [an orb of fire]
 57434 | Zot:5    | Killed a Killer Klown
 57450 | Zot:5    | Gained mutation: You are frail. (-10% HP) [an orb of fire]
 57452 | Zot:5    | Killed an orb of fire
 57477 | Zot:5    | Reached skill level 17 in Invocations
 57684 | Zot:5    | Noticed an orb of fire
 57700 | Zot:5    | Killed an orb of fire
 57701 | Zot:5    | Reached skill level 18 in Invocations
 57730 | Zot:5    | Lost mutation: You are very dopey. (Int -4) [potion of
                  | mutation]
 57730 | Zot:5    | Lost mutation: You occasionally shout uncontrollably at
                  | your foes. [potion of mutation]
 57730 | Zot:5    | Gained mutation: You expend magic power (3 MP) to
                  | strengthen your wands. [potion of mutation]
 57731 | Zot:5    | Lost mutation: You expend magic power (3 MP) to strengthen
                  | your wands. [potion of mutation]
 57731 | Zot:5    | Lost mutation: You are dopey. (Int -2) [potion of mutation]
 57731 | Zot:5    | Gained mutation: You have a pair of small horns on your
                  | head. [potion of mutation]
 57731 | Zot:5    | Gained mutation: You have a pair of horns on your head.
                  | [potion of mutation]
 57732 | Zot:5    | Lost mutation: You have a pair of horns on your head.
                  | [potion of mutation]
 57732 | Zot:5    | Lost mutation: Your body sometimes deteriorates upon taking
                  | damage. [potion of mutation]
 57732 | Zot:5    | Gained mutation: You are partially covered in iridescent
                  | scales. (AC +2) [potion of mutation]
 57732 | Zot:5    | Lost mutation: You tend to lose your temper in combat.
                  | [potion of mutation]
 57807 | Zot:5    | Identified the cursed +0 pair of gloves of Weirdness {Str+3
                  | Dex+2}
 57836 | Zot:5    | Noticed a Killer Klown
 57849 | Zot:5    | Reached skill level 19 in Invocations
 57854 | Zot:5    | Killed a Killer Klown
 57950 | Zot:5    | Reached skill level 20 in Invocations
 57950 | Zot:5    | Got the Orb of Zot
 57958 | Zot:5    | Noticed Qukhu the pandemonium lord
 57958 | Zot:5    | Noticed an ancient lich
 57965 | Zot:5    | Noticed a Killer Klown
 57980 | Zot:5    | Killed Qukhu the pandemonium lord
 57981 | Zot:5    | Reached XP level 26. HP: 135/208 MP: 42/42
 57987 | Zot:5    | Noticed Kelaryru the pandemonium lord
 57989 | Zot:5    | Killed a Killer Klown
 58000 | Zot:5    | Killed Kelaryru the pandemonium lord
 58000 | Zot:5    | HP: 27/208 [something/bolt of cold[Qukhu] (40)]
 58011 | Zot:5    | Killed an ancient lich
 58012 | Zot:5    | Reached skill level 13 in Throwing
 58021 | Zot:5    | Noticed Ivisk the pandemonium lord
 58045 | Zot:5    | Killed Ivisk the pandemonium lord
 58256 | Depths:4 | Noticed Wuupsaff the pandemonium lord
 58263 | Depths:4 | Killed Wuupsaff the pandemonium lord
 58264 | Depths:4 | Reached skill level 21 in Invocations
 58439 | D:10     | Noticed Leacw the pandemonium lord
 58460 | D:10     | Killed Leacw the pandemonium lord
 58691 | D:3      | Noticed Natasha
 58692 | D:3      | Killed Natasha
 58753 | D:1      | Reached skill level 22 in Invocations
 58762 | D:$      | Escaped with the Orb!

Skill      XL: |  1  2  3  4  5  6  7  8  9 10 11 12 13 14 15 16 17 18 19 20 21 22 23 24 25 26 |
---------------+-------------------------------------------------------------------------------+-----
Fighting       | 2 3 4 5 7 9 10 11 12 14 15 16 17 18 | 18.0
Throwing       | 2 3 4 8 10 11 12 13 | 13.0
Maces & Flails | 1 3 |  3.0
Dodging        | 2 5 8 9 10 12 13 | 13.0
Armour         | 2 3 6 7 8 10 11 13 17 18 | 18.0
Shields        | 2 3 4 5 6 8 9 10 12 13 15 16 | 16.0
Axes           | 3 7 9 10 12 13 14 | 14.8
Invocations    | 6 9 11 13 14 15 20 22 | 22.0
Evocations     | 3 4 7 12 14 15 | 15.0
Spellcasting   | 5 7 |  7.0
Charms         | 8 9 11 | 11.0
Translocations | |  2.6

Action                   |  1- 3 |  4- 6 |  7- 9 | 10-12 | 13-15 | 16-18 | 19-21 | 22-24 | 25-27 || total
-------------------------+-------+-------+-------+-------+-------+-------+-------+-------+-------++-------
Melee: Dagger            |   140 |       |       |       |       |       |       |       |       ||   140
       Morningstar       |    24 |   149 |    58 |       |       |       |       |       |       ||   231
       War axe           |       |       |   238 |   509 |  1261 |   830 |   754 |       |       ||  3592
       Whip              |       |       |       |       |     5 |       |       |       |       ||     5
       Broad axe         |       |       |       |       |       |       |   523 |   990 |   329 ||  1842
       Headbutt          |       |       |       |       |       |       |       |       |    71 ||    71
Throw: Javelin           |    18 |       |    13 |    28 |    58 |    31 |   346 |   287 |   108 ||   889
       Tomahawk          |     3 |    23 |    22 |    11 |    57 |   449 |    57 |     1 |       ||   623
       Throwing net      |       |     1 |       |       |       |       |       |       |       ||     1
 Cast: Blink Other       |     4 |       |       |       |       |       |       |       |       ||     4
       Infusion          |       |       |       |       |       |       |    12 |     9 |     5 ||    26
       Song of Slaying   |       |       |       |       |       |       |     3 |     3 |       ||     6
Invok: Heroism           |       |       |     1 |     7 |    16 |    31 |    50 |    39 |    11 ||   155
       Growth            |       |       |       |     2 |     1 |     1 |     1 |       |       ||     5
       Temporal Distorti |       |       |       |     5 |       |     2 |     1 |     5 |     1 ||    14
       Major Destruction |       |       |       |     8 |     2 |     2 |     8 |       |       ||    20
       Divine Shield     |       |       |       |       |     2 |     6 |     2 |     6 |     3 ||    19
       Smiting           |       |       |       |       |       |     1 |       |     3 |       ||     4
 Abil: Evoke Flight      |       |       |       |       |       |     1 |       |       |       ||     1
       Evoke Invisibilit |       |       |       |       |       |       |       |    12 |     3 ||    15
Evoke: Wand              |       |       |     2 |     6 |     9 |     5 |     9 |    13 |     7 ||    51
       Lamp of fire      |       |       |       |       |     1 |     3 |     3 |     1 |       ||     8
       Phantom mirror    |       |       |       |       |       |       |       |     1 |     4 ||     5
       Box of beasts     |       |       |       |       |       |       |       |       |     4 ||     4
  Use: Scroll            |     2 |     8 |     6 |    12 |    20 |     5 |    16 |    12 |     3 ||    84
       Potion            |       |       |       |       |    14 |     7 |     5 |     7 |    23 ||    56
 Stab: Sleeping          |       |     1 |       |       |       |       |       |       |       ||     1
       Held in net/web   |       |     1 |       |       |       |       |       |       |       ||     1
       Distracted        |       |       |     1 |       |       |     1 |     1 |     1 |     1 ||     5
       Paralysed         |       |       |       |       |     6 |       |       |       |       ||     6
       Invisible         |       |       |       |       |       |       |       |    67 |     8 ||    75
  Eat: Chunk             |     4 |    15 |    16 |    33 |    58 |    50 |    55 |    22 |     1 ||   254
       Ration            |     1 |       |     1 |     1 |     5 |     4 |     4 |    12 |     4 ||    32
Armor: Robe              |    37 |     5 |       |       |       |       |       |       |       ||    42
       Ring mail         |       |    70 |   136 |     5 |       |       |       |       |       ||   211
       Chain mail        |       |       |       |    95 |       |       |       |       |       ||    95
       Plate armour      |       |       |       |   149 |   606 |   328 |   502 |   519 |    94 ||  2198
       Scale mail        |       |       |       |       |    32 |    89 |       |       |       ||   121
Dodge: Dodged            |    98 |    80 |   194 |   179 |   404 |   512 |   742 |   495 |   122 ||  2826
Block: Buckler           |    34 |    39 |   111 |    96 |       |       |       |       |       ||   280
       Medium shield     |       |       |       |   122 |   867 |   860 |  1099 |   154 |       ||  3102
       Reflection        |       |       |       |       |     3 |    93 |    80 |     6 |       ||   182
       Large shield      |       |       |       |       |       |       |       |   943 |   317 ||  1260

Levels and vault maps discovered:
D:1:      dpeg_arrival_shelter, layout_rooms, serial_forest,
          infiniplex_forest_clump_curved, infiniplex_forest_zigzag_2,
          infiniplex_forest_clump_cross, infiniplex_forest_straight_5,
          infiniplex_forest_end_2, infiniplex_forest_clump_medium,
          infiniplex_forest_straight_1
D:2:      layout_loops_ring, first_ration, chequers_ecumenical_altar_twisty,
          uniq_robin
D:3:      layout_loops_corners, uniq_natasha, uniq_crazy_yiuf_cottage
D:4:      layout_rooms, zin_academy, serial_shops, nicolae_shop_behind_doors,
          shop, biasface_ghost_orc_armoury, tgw_trog
D:5:      layout_rooms, minmay_temple_entry_grid, grunt_qazlal_sundering,
          uniq_menkaure, uniq_ijyb
D:6:      minmay_razor_zed, layout_cave_pools, gup_sewer_entry_bowl,
          basic_altar, grunt_potential
D:7:      layout_basic, serial_shops, shop, lemuel_statue_altar
D:8:      layout_loops_ring, enter_ossuary_3
D:9:      layout_stronghold, minmay_lair_entry_grove, zaba_anthell,
          uniq_nergalle, uniq_psyche, uniq_erolcha
D:10:     layout_loops_ring, hiddenorc2_lemuel
D:11:     layout_basic, david_vaults_3, gammafunk_ghost_nasty_kobolds,
          special_room [special_room_kobold], minmay_fractal_squares_gapless_7
D:12:     grunt_enter_depths_snipers, layout_stronghold, serial_shops,
          nicolae_shop_overgrown_old_shop
Lair:1:   layout_regular_city, uniq_joseph
Lair:2:   layout_cave_shapes, minmay_swamp_entry_worms,
          portal_ice_cave_entry_pillars_1, small_statue_intersection
Lair:3:   layout_misc_corridors, elwin_shoals_entry_rooms
Lair:4:   layout_regular_city, fungi_pond_lemuel, uniq_rupert, uniq_kirke
Lair:5:   minmay_guarded_unrand_snakebite, layout_small_grid,
          grunt_forest_stairs_clearing, grunt_megastairs_5, lemuel_fruit_tree
Lair:6:   guppyfry_lair_end_dragon, layout_cave_pods,
          hangedman_lair_tendril_chambers, slime_altar_1, serial_bayou_shore_b
Swamp:1:  layout_basic_swamp, serial_swamp_ruin, evilmike_swamp_ruin_house_4,
          evilmike_swamp_ruin_house_5, evilmike_swamp_ruin_house_3, swamp_pool4,
          amcnicky_altar_lugonu_corruption, uniq_donald
Swamp:2:  layout_basic_swamp, evilmike_swamp_ruin_house_2, uniq_frances
Swamp:3:  swamp, layout_basic_swamp, uniq_louise
Shoals:1: layout_shoals, ebering_ghost_gozag
Shoals:2: layout_shoals, uniq_ilsuiw
Shoals:3: shoals_end_grunt_ice, layout_shoals, shoal_ilsuiw, uniq_polyphemus
Slime:1:  layout_slime_grid
Slime:2:  cheibrodos_slime_lost_civilization_2, layout_slime_grid,
          nicolae_slime_crime_time
Slime:3:  layout_slime_grid
Slime:4:  layout_slime_grid, basic_altar
Slime:5:  slime_pit_nicolae_royal_road_to_ruin
Orc:      st_orc_congregation, layout_caves, serial_shops,
          nicolae_shop_behind_doors, minmay_orc_temple_b
Elf:1:    nicolae_elf_arrival_fired_up, layout_gridlike, serial_shops, shop,
          shop, shop_coins, nicolae_shop_statue_plus, shop,
          hangedman_elf_disciples, nicolae_elf_v_pinch, minivault_16,
          minmay_elf_sorcery, minmay_shop_star, uniq_bai_suzhen, uniq_aizul
Elf:2:    nicolae_elf_blades_crystal_corner, layout_geoelf_diagonals
Elf:3:    minmay_elf_hall_quartered_circle, layout_gridlike, serial_shops, shop,
          einodemon_barbed_minivault
Vaults:1: nicolae_vaults_diagonal_hallway_7, v_rooms_5, vaults_room_fancy_cross,
          nicolae_vaults_circle_grid_a, hangedman_vaults_hard_town_square,
          nicolae_vaults_yaktaur_gun_rack, hangedman_vaults_stagger,
          ontoclasm_vaults_pinch, grunt_vaults_hallway_short, vaults_dpeg_ring,
          v_misc_23, nicolae_vaults_gold_heap, ontoclasm_vaults_loading_screen,
          layout_vaults_omnicross
Vaults:2: nicolae_vaults_bisected_slash, minmay_guarded_unrand_secular_launcher,
          vaults_room_fours, minmay_crypt_entry_necro_gods,
          vaults_mumra_minichess, v_misc_27, v_misc_3, v_rooms_3,
          ontoclasm_vaults_chip, layout_vaults_chaotic_city
Depths:1: layout_gridlike, hangedman_glass_teeth,
          grunt_hell_entry_demonic_statue, grunt_ministairs_6,
          nicolae_transmutations_shop, cheibriados_altar_1
Depths:2: minmay_mutant_horseshoe, layout_cave_pools, hell_entry,
          infiniplex_staircase_x
Depths:3: gammafunk_sealed_arena, layout_gridville, enter_ziggurat_c,
          grunt_pan_entry_sceptre, pf_vacation_house_of_asmodeus,
          hangedman_summoners_spam, infiniplex_staircase_diamond,
          minmay_shop_grove
Depths:4: minmay_inside_and_out, layout_basic, nicolae_figureground_pulse,
          serial_shops, nicolae_shop_behind_doors, abyss_entry, hell_entry,
          tgw_lugonu_bribe, minmay_staircase_bubble, uniq_mennas, uniq_margery,
          uniq_saint_roka
Depths:5: grunt_zot_entry_alcove, layout_gridville,
          chequers_serial_rivers_small_b, grunt_hell_entry_dis_mu,
          infiniplex_staircase_pool_lava, serial_bayou_shore_a, uniq_boris,
          uniq_frederick
Zot:1:    kennysheep_blocky_room, layout_basic
Zot:2:    hangedman_zot_vaults_quadrants, layout_onion_interference
Zot:3:    layout_gridlike, st_stairs_4, grunt_ministairs_2, lemuel_lake_of_fire
Zot:4:    layout_misc_corridors, zot_minivault_6
Zot:5:    layout_misc_corridors, hangedman_feature_mirror

Table legend:
 A = Turns spent in this place as a percentage of turns spent in the entire game.
 B = Non-inter-level travel turns spent in this place as a percentage of non-inter-level travel turns spent in the entire game.
 C = Inter-level travel turns spent in this place as a percentage of turns spent in this place.
 D = Turns resting spent in this place as a percentage of non-inter-level travel turns spent in this place.
 E = Turns spent auto-exploring this place as a percentage of non-inter-level travel turns spent in this place.
 F = Non-inter-level travel turns spent in this place divided by the number of levels of this place that you've seen.
                   A       B       C       D       E      F
               +-------+-------+-------+-------+-------+----------------------
         Total | 100.0 | 100.0 |   9.9 |  19.5 |  49.9 | 1037.8
       Dungeon |  27.5 |  25.8 |  15.5 |  17.1 |  53.7 | 1137.6
          Lair |  15.4 |  14.6 |  14.5 |  18.1 |  64.3 | 1291.3
         Swamp |   5.6 |   5.7 |   8.4 |  23.4 |  51.5 | 1003.3
        Shoals |   7.4 |   7.8 |   5.2 |  30.5 |  37.9 | 1377.7
    Slime Pits |   5.0 |   4.9 |  11.7 |  25.9 |  42.2 | 523.6
  Orcish Mines |   2.4 |   2.3 |  11.2 |   3.2 |  60.7 | 1238.0
   Elven Halls |   7.6 |   8.0 |   4.8 |  11.2 |  56.4 | 1417.3
        Vaults |   8.6 |   9.2 |   3.0 |  32.2 |  42.2 | 2445.0
        Depths |  11.3 |  11.3 |   9.7 |   4.3 |  63.9 | 1194.8
           Zot |   5.5 |   6.1 |   0.0 |  42.4 |   9.2 | 642.2
         Abyss |   2.2 |   2.4 |   0.0 |   5.0 |  10.0 | 424.7
         Sewer |   0.9 |   1.0 |   0.0 |   0.0 |  71.7 | 516.0
       Ossuary |   0.4 |   0.5 |   0.0 |  30.2 |  19.8 | 258.0
      Ice Cave |   0.3 |   0.3 |   0.0 |  47.7 |  10.3 | 155.0
               +-------+-------+-------+-------+-------+----------------------

Table legend:
 A = Kills in this place as a percentage of kills in entire the game.
 B = Kills by you in this place as a percentage of kills by you in the entire game.
 C = Kills by friends in this place as a percentage of kills by friends in the entire game.
 D = Other kills in this place as a percentage of other kills in the entire game.
 E = Experience gained in this place as a percentage of experience gained in the entire game.
 F = Experience gained in this place divided by the number of levels of this place that you have seen.
                   A       B       C       D       E      F
               +-------+-------+-------+-------+-------+----------------------
         Total | 100.0 | 100.0 | 100.0 | 100.0 | 100.0 | 27403.3
       Dungeon |  23.8 |  24.0 |   0.0 |  12.0 |   6.3 | 7316.6
          Lair |   8.8 |   8.9 |   0.0 |   0.0 |   3.5 | 8165.2
         Swamp |   4.8 |   4.9 |   0.0 |   4.0 |   4.3 | 19808.7
        Shoals |   6.9 |   6.8 |   0.0 |   8.0 |   6.1 | 28315.0
    Slime Pits |   4.8 |   4.9 |   0.0 |   0.0 |   7.0 | 19601.2
  Orcish Mines |   5.9 |   6.0 |   0.0 |   0.0 |   1.3 | 18010.0
   Elven Halls |   8.1 |   8.1 |   0.0 |  12.0 |  10.4 | 48420.7
        Vaults |   8.4 |   8.2 |   0.0 |  28.0 |   9.4 | 65560.5
        Depths |  13.8 |  13.8 |   0.0 |   8.0 |  22.5 | 62913.2
           Zot |   7.6 |   7.3 | 100.0 |  24.0 |  27.2 | 76133.6
         Abyss |   3.6 |   3.6 |   0.0 |   4.0 |   2.0 | 9145.0
         Sewer |   2.3 |   2.3 |   0.0 |   0.0 |   0.0 | 365.0
       Ossuary |   1.0 |   1.0 |   0.0 |   0.0 |   0.0 | 177.0
      Ice Cave |   0.2 |   0.2 |   0.0 |   0.0 |   0.1 | 798.0
               +-------+-------+-------+-------+-------+----------------------
